 Dungeon Crawl Stone Soup version 0.21.1-1-g345015f (webtiles) character file.

8950 sking99 the Basher (level 11, -3/89 HPs)
             Began as a Demonspawn Monk on July 1, 2018.
             Was a High Priest of Okawaru.
             Slain by a basilisk (12 damage)
             ... on level 9 of the Dungeon.
             The game lasted 00:24:29 (8646 turns).

sking99 the Basher (Demonspawn Monk)                Turns: 8646, Time: 00:24:30

Health: -3/89      AC: 21    Str: 12    XL:     11   Next: 16%
Magic:  18/18      EV: 10    Int: 12    God:    Okawaru [*****.]
Gold:   543        SH:  0    Dex: 20    Spells: 10/10 levels left

rFire    . . .     SeeInvis .   R - +3 flail (protect)
rCold    + . .     Gourm    .   (no shield)
rNeg     . . .     Faith    +   x - +0 chain mail
rPois    .         Spirit   .   (helmet restricted)
rElec    +         Reflect  .   f - +1 cloak of Starlight {rElec rC+ EV+4 Stlth--}
rCorr    .         Harm     .   Q - +0 pair of gloves
MR       .....                  (no boots)
Stlth    ..........             o - amulet of faith
HPRegen  0.24/turn              (no ring)
MPRegen  0.16/turn              F - +2 ring of dexterity

@: protection aura
A: horns 1, yellow scales 1, foul stench 2, spiny 1, rot immunity
a: Heroism, Finesse, Renounce Religion


You were on level 9 of the Dungeon.
You worshipped Okawaru.
Okawaru was extremely pleased with you.
You were not hungry.

You visited 2 branches of the dungeon, and saw 10 of its levels.

You collected 543 gold pieces.

Inventory:

Hand Weapons
 R - a +3 flail of protection (weapon)
Missiles
 k - 7 throwing nets (quivered)
 N - 2 tomahawks of returning
Armour
 f - the +1 cloak of Starlight (worn) {rElec rC+ EV+4 Stlth--}
   (You found it on level 8 of the Dungeon)

   It affects your evasion (+4).
   It protects you from cold.
   It insulates you from electricity.
   It makes you much less stealthy.
 r - the +2 scale mail of the Wheelwright {Slay+3, unknown}
   (You found it on level 9 of the Dungeon)

   It affects your accuracy and damage with ranged weapons and melee attacks
   (+3).
 w - a +1 helmet
 x - a +0 chain mail (worn)
 Q - a +0 pair of gloves (worn)
Jewellery
 a - an uncursed ring of fire
 l - an uncursed ring of ice
 o - an amulet of faith (around neck)
 F - a +2 ring of dexterity (right hand)
 P - an uncursed amulet of harm {unknown}
Wands
 s - a wand of random effects (41)
Scrolls
 d - 2 scrolls of immolation
 e - a scroll of noise {unknown}
 n - 4 scrolls of remove curse
 p - a scroll of fear
 q - a scroll of enchant armour {unknown}
 v - a scroll of teleportation
 y - a scroll of enchant weapon
 G - 2 scrolls of amnesia
 K - 2 scrolls of fog
 M - a scroll of magic mapping
Potions
 b - a potion of invisibility {unknown}
 g - 2 potions of heal wounds {unknown}
 h - a potion of magic {unknown}
 i - 5 potions of haste
 j - a potion of agility {unknown}
 m - 4 potions of mutation
 t - 2 potions of cancellation
 z - a potion of resistance {unknown}
 A - 2 potions of brilliance {unknown}
 C - 3 potions of curing
 D - 3 potions of flight
 H - a potion of degeneration {unknown}
 J - a potion of lignification {unknown}
 L - a potion of berserk rage {unknown}
Books
 E - a book of Changes

   Spells                             Type                      Level
   a - Beastly Appendage              Transmutation                1
   b - Sticks to Snakes               Transmutation                2
   c - Spider Form                    Transmutation/Poison         3
   d - Ice Form                       Ice/Transmutation            4
   e - Blade Hands                    Transmutation                5
Comestibles
 c - 14 rations


   Skills:
 + Level 9.0 Fighting
 * Level 12.1 Maces & Flails
 - Level 2.4 Armour
 - Level 2.6 Dodging
 - Level 1.7 Stealth
 - Level 9.5 Invocations


You had 10 spell levels left.
You didn't know any spells.

Dungeon Overview and Level Annotations

Branches:
Dungeon (9/15)             Temple (1/1) D:5            Lair (0/6) D:9
    Orc: D:9-12

Altars:
Ashenzari
Cheibriados
Dithmenos
Elyvilon
Fedhas
Gozag
Hepliaklqana
Kikubaaqudgha
Makhleb
Nemelex Xobeh
Okawaru
Qazlal
Ru
Sif Muna
Trog
Uskayaw
Vehumet
Wu Jian
Xom
Yredelemnul
Zin
The Shining One

Shops:
D:5 *   D:6 =(


Innate Abilities, Weirdness & Mutations

You have a pair of small horns on your head.
You are partially covered in yellow scales. (AC +2)
You frequently emit foul miasma when damaged in melee.
You are partially covered in sharp spines.
You are immune to rotting.


Message History

The hippogriff bites you but does no damage.
The hippogriff pecks you but does no damage.
The hippogriff claws you but does no damage.
The basilisk closely misses you.
You sock the basilisk!
You kill the basilisk!
Okawaru accepts your kill.
Your Fighting skill increases to level 9!
The hippogriff closely misses you. The hippogriff completely misses you.
The hippogriff closely misses you.
You hit the basilisk. You headbutt the basilisk.
The basilisk is lightly wounded.
The basilisk bites you.
* * * LOW HITPOINT WARNING * * *
You thump the basilisk!
The basilisk is heavily wounded.
The hippogriff closely misses you.
The hippogriff pecks you but does no damage.
The hippogriff barely misses you. The basilisk bites you!
You die...

#.......#
##################...#
#...#......#.....#....
#...'...(..'.....#....
#...#......#.....#....
######'##......#.....#.H).
#...#...#......#.....##†##
+...'...#.l....#...l.....#
#...#...#@H....#....l....#
##...#######...(#+#####...#
#......#...#..........#...#
#......#...#..........#...#
#......'...'..........#...#
#......#...#..........#####
#######......#...#......#####
#.....###############'###
#.............#.....)...#


You could see a hippogriff and a basilisk.

Vanquished Creatures
  3 two-headed ogres (D:8)
  Erica (D:8)
  A death yak (D:9)
  The ghost of diana the Grappler, a novice TrMo (D:8)
  A deep elf mage (D:8)
  A torpor snail (shapeshifter) (D:8)
  A spriggan (D:7)
  A basilisk (D:9)
  A water moccasin (D:6)
  A sky beast (D:4)
  2 ice beasts
  2 phantoms
  4 orc warriors
  A black bear (D:7)
  9 ogres
  6 centaurs
  A big kobold (D:7)
  7 bullfrogs
  6 killer bees (D:8)
  3 howler monkeys
  5 crimson imps
  An orc priest (D:2)
  2 bullfrog zombies
  A bullfrog skeleton (D:5)
  5 hounds
  2 jellies (D:8)
  2 iguanas
  A centaur skeleton (D:7)
  8 orc wizards
  4 worker ants
  A hound zombie (D:5)
  2 hound skeletons
  2 worker ant zombies
  Robin (D:2)
  3 gnolls (D:2)
  6 adders
  A howler monkey skeleton (D:4)
  4 shadow imps
  4 oozes
  3 adder zombies
  2 adder skeletons (D:5)
  3 worms
  A dart slug (D:2)
  3 leopard geckos
  31 orcs
  9 giant cockroaches
  7 hobgoblins
  13 jackals
  7 kobolds
  7 quokkas
  3 ball pythons
  17 bats
  6 frilled lizards
  17 goblins
  A jackal zombie (D:8)
  A leopard gecko zombie (D:5)
  A quokka skeleton (D:4)
  A quokka zombie (D:8)
  10 rats
251 creatures vanquished.

Notes
Turn   | Place    | Note
-------+----------+-------------------------------------------
     0 | D:1      | sking99 the Demonspawn Monk began the quest for the Orb.
     0 | D:1      | Reached XP level 1. HP: 18/18 MP: 1/1
   129 | D:1      | Reached skill level 3 in Maces & Flails
   141 | D:1      | Gained mutation: You are partially covered in sharp spines. [demonic ancestry]
   141 | D:1      | Reached XP level 2. HP: 18/24 MP: 2/2
   708 | D:1      | Reached XP level 3. HP: 29/29 MP: 3/3
  1297 | D:2      | Noticed Robin
  1299 | D:2      | Reached skill level 4 in Maces & Flails
  1307 | D:2      | Gained mutation: You are partially covered in yellow scales. (AC +2) [demonic ancestry]
  1307 | D:2      | Reached XP level 4. HP: 19/35 MP: 4/4
  1314 | D:2      | Killed Robin
  1475 | D:2      | Found an ornate altar of the Wu Jian Council.
  1847 | D:2      | Reached skill level 1 in Armour
  2013 | D:2      | Reached XP level 5. HP: 37/41 MP: 5/5
  2051 | D:2      | Reached skill level 5 in Maces & Flails
  2879 | D:4      | Noticed a sky beast
  2894 | D:4      | Killed a sky beast
  2894 | D:4      | Gained mutation: You are immune to rotting. [demonic ancestry]
  2894 | D:4      | Reached XP level 6. HP: 38/47 MP: 6/6
  2999 | D:4      | Found an iron altar of Okawaru.
  3026 | D:4      | Reached skill level 6 in Maces & Flails
  3030 | D:4      | Became a worshipper of Warmaster Okawaru
  3030 | D:4      | Reached * piety under Okawaru
  3030 | D:4      | Reached ** piety under Okawaru
  3230 | D:4      | Reached XP level 7. HP: 44/53 MP: 7/7
  3259 | D:4      | Found a sacrificial altar of Ru.
  3375 | D:5      | Entered Level 5 of the Dungeon
  3420 | D:5      | Reached skill level 1 in Invocations
  3493 | D:5      | Reached skill level 7 in Maces & Flails
  3588 | D:5      | Found Inurony's Assorted Antiques.
  4006 | D:5      | Found a staircase to the Ecumenical Temple.
  4014 | Temple   | Entered the Ecumenical Temple
  4453 | D:6      | Reached *** piety under Okawaru
  4453 | D:6      | Reached XP level 8. HP: 36/61 MP: 10/10
  4664 | D:6      | Found Liuddeyr's Jewellery Shoppe.
  4859 | D:6      | Reached skill level 5 in Fighting
  4859 | D:6      | Reached skill level 8 in Maces & Flails
  5105 | D:6      | Found a shimmering altar of Xom.
  5105 | D:6      | Found a shimmering altar of Xom.
  5105 | D:6      | Found a shimmering altar of Xom.
  5105 | D:6      | Found a shimmering altar of Xom.
  5106 | D:6      | Found a shimmering altar of Xom.
  5107 | D:6      | Found a shimmering altar of Xom.
  5252 | D:6      | Reached skill level 5 in Invocations
  5412 | D:6      | Found Faunoab's Weapon Boutique.
  5567 | D:6      | Found a shimmering altar of Xom.
  5709 | D:7      | Received a gift from Okawaru
  5744 | D:7      | Reached **** piety under Okawaru
  5744 | D:7      | Gained mutation: You may emit foul miasma when damaged in melee. [demonic ancestry]
  5744 | D:7      | Reached XP level 9. HP: 69/69 MP: 13/13
  5781 | D:7      | Reached skill level 9 in Maces & Flails
  6412 | D:7      | Received a gift from Okawaru
  6841 | D:8      | Reached skill level 10 in Maces & Flails
  6926 | D:8      | Reached ***** piety under Okawaru
  7043 | D:8      | Noticed a two-headed ogre
  7046 | D:8      | Noticed diana's ghost (novice TrMo)
  7089 | D:8      | Killed diana's ghost
  7089 | D:8      | Gained mutation: You frequently emit foul miasma when damaged in melee. [demonic ancestry]
  7089 | D:8      | Reached XP level 10. HP: 8/79 MP: 10/16
  7428 | D:8      | Found a radiant altar of Vehumet.
  7467 | D:8      | Noticed Erica
  7482 | D:8      | Killed Erica
  7579 | D:8      | Noticed a two-headed ogre
  7582 | D:8      | Noticed a two-headed ogre
  7604 | D:8      | Killed a two-headed ogre
  7604 | D:8      | Received a gift from Okawaru
  7604 | D:8      | Reached skill level 11 in Maces & Flails
  7628 | D:8      | Noticed a deep elf mage
  7636 | D:8      | Killed a deep elf mage
  7658 | D:8      | Killed a two-headed ogre
  7794 | D:8      | Found the +1 cloak of Starlight {rElec rC+ EV+4 Stlth--}
  7865 | D:8      | Killed a two-headed ogre
  7893 | D:8      | Noticed a torpor snail
  7909 | D:8      | Killed a torpor snail
  7909 | D:8      | Gained mutation: You have a pair of small horns on your head. [demonic ancestry]
  7909 | D:8      | Reached XP level 11. HP: 51/87 MP: 18/18
  8589 | D:9      | Noticed a death yak
  8590 | D:9      | Found a staircase to the Lair.
  8591 | D:9      | Got a warped scale mail
  8613 | D:9      | Killed a death yak
  8613 | D:9      | Reached skill level 12 in Maces & Flails
  8646 | D:9      | Slain by a basilisk

Skill      XL: |  1  2  3  4  5  6  7  8  9 10 11 |
---------------+----------------------------------+-----
Maces & Flails | 3 4 5 6 7 8 10 11 12 | 12.1
Armour         | 1 2 |  2.4
Fighting       | 4 5 7 8 9 |  9.0
Invocations    | 3 5 8 9 |  9.5
Dodging        | |  2.6
Stealth        | |  1.7

Action                   |  1- 3 |  4- 6 |  7- 9 | 10-12 || total
-------------------------+-------+-------+-------+-------++-------
Melee: Mace              |    89 |   127 |   274 |       ||   490
       Flail             |       |       |    81 |   120 ||   201
       Punch             |       |       |       |     2 ||     2
       Headbutt          |       |       |       |     9 ||     9
Throw: Throwing net      |       |       |       |     7 ||     7
Invok: Heroism           |       |       |     6 |     6 ||    12
       Finesse           |       |       |     1 |     2 ||     3
  Use: Scroll            |       |       |     4 |    14 ||    18
       Potion            |       |       |     1 |     1 ||     2
 Stab: Sleeping          |     2 |       |       |       ||     2
       Held in net/web   |       |       |       |     8 ||     8
  Eat: Chunk             |     1 |     6 |    13 |     5 ||    25
Armor: Robe              |     1 |       |       |       ||     1
       Ring mail         |    25 |     7 |       |       ||    32
       Scale mail        |       |    20 |       |       ||    20
       Chain mail        |       |    27 |   188 |    57 ||   272
Dodge: Dodged            |    48 |    40 |    97 |    33 ||   218
